 Dungeon Crawl Stone Soup version 0.17-a0-1748-g222fba8 (webtiles) character file.

1663 Kolbur the Martial Artist (level 9, -4/61 HPs)
             Began as a Merfolk Ice Elementalist on Sept 1, 2015.
             Killed from afar by an orc wizard (9 damage)
             ... with a magic dart
             ... on level 8 of the Dungeon.
             The game lasted 00:50:46 (3097 turns).

Kolbur the Martial Artist (MfIE)                    Turns: 3097, Time: 00:50:46

Health: -4/61      AC: 10    Str:  8      XL:     9   Next: 1%
Magic:  4/19       EV: 15    Int: 15      God:
Gold:   300        SH:  0    Dex: 16 (17) Spells: 3 memorised, 4 levels left

rFire  . . .     SeeInvis +     b - +0 blowgun
rCold  . . .     Clarity  .     a - +0 robe
rNeg   . . .     SustAt   .     (no shield)
rPois  .         Gourm    .     (helmet restricted)
rElec  .         Spirit   .     (no cloak)
rCorr  .         Warding  .     (no gloves)
rMut   .         Stasis   .     y - +0 pair of boots
MR     .....                    q - amulet of regeneration
Stlth  ++........               k - +2 ring of protection
                                C - ring of magical power

@: icy armour, very slightly contaminated, not resistant to hostile
enchantments, unstealthy
A: change form in water, swift swim, horns 1, see invisible, low mp 1
a: no special abilities


You were on level 8 of the Dungeon.
You were not hungry.

You visited 2 branches of the dungeon, and saw 10 of its levels.

You collected 300 gold pieces.

Inventory:

Hand weapons
 b - a +0 blowgun (weapon)
 g - a +0 dagger
Missiles
 d - 101 stones
 f - 61 poisoned needles (quivered)
 s - 5 needles of confusion
 J - 3 poisoned tomahawks
 N - 2 tomahawks
Armour
 a - a +0 robe (worn)
 y - a +0 pair of boots (worn)
Jewellery
 e - an uncursed ring of sustain attributes
 i - an uncursed amulet of clarity
 k - a +2 ring of protection (right hand)
 q - an amulet of regeneration (around neck)
 z - an uncursed ring of positive energy
 C - a ring of magical power (left hand)
 I - an uncursed amulet of guardian spirit
 O - an uncursed ring of flight
Magical devices
 t - a wand of frost (8)
Scrolls
 j - 3 scrolls of recharging {unknown}
 n - 2 scrolls of enchant armour {unknown}
 p - 2 scrolls of remove curse
 r - a scroll of amnesia {unknown}
 u - 2 scrolls of teleportation
 A - 2 scrolls of enchant weapon {unknown}
 D - a scroll of fear {unknown}
 E - a scroll of acquirement {unknown}
 F - a scroll of magic mapping
 M - a scroll of immolation {unknown}
Potions
 v - 2 potions of resistance
 w - a potion of magic
 x - a potion of cancellation
 B - 2 potions of brilliance
 G - a potion of agility
 L - a potion of berserk rage {unknown}
Books
 m - a book of Frost

   Spells                             Type                      Level
   a - Freeze                         Ice                          1
   b - Throw Frost                    Conjuration/Ice              2
   c - Ozocubu's Armour               Charms/Ice                   3
   d - Throw Icicle                   Conjuration/Ice              4
   e - Summon Ice Beast               Ice/Summoning                4
   f - Condensation Shield            Ice                          4
Comestibles
 c - 6 bread rations
 l - 3 meat rations
 H - a slice of pizza
 K - 5 fruits


   Skills:
 - Level 2.0 Fighting
 - Level 5.0 Dodging
 - Level 2.1 Stealth
 * Level 10.2 Unarmed Combat
 - Level 2.0 Spellcasting
   Level 0.7 Conjurations
 + Level 1.8 Summonings
 - Level 5.1 Ice Magic


You had 4 spell levels left.
You knew the following spells:

 Your Spells              Type           Power        Failure   Level  Hunger
a - Freeze                Ice            ###.         2%          1    #......
i - Summon Ice Beast      Ice/Summ       ##......     67%         4    #####..
o - Ozocubu's Armour      Chrm/Ice       #.......     24%         3    ###....


Dungeon Overview and Level Annotations

Branches:
Dungeon (9/15)             Temple (1/1) D:6
   Lair: D:8-11         Orc: D:9-12

Altars:
Dithmenos
Elyvilon
Fedhas
Gozag
Kikubaaqudgha
Makhleb
Nemelex Xobeh
Okawaru
Qazlal
Ru
Sif Muna
Trog
Vehumet
Xom
Yredelemnul
Zin
The Shining One

Annotations:
D:8 Gastronok


Innate Abilities, Weirdness & Mutations

You revert to your normal form in water.
You are very nimble and swift while swimming.
You have a pair of small horns on your head.
You have supernaturally acute eyesight.
Your magical capacity is low (-10% MP).


Message History

Increase (S)trength, (I)ntelligence, or (D)exterity?
You feel agile. The orc wizard closely misses you.
An orc comes into view. It is wielding an enchanted flail.
Drink which item? (? for menu, Esc to quit)
Okay, then.
Unknown command.
Read which item? (? for menu, Esc to quit)
Okay, then.
Read which item? (? for menu, Esc to quit)
Blink to where?
Press: ? - help, Dir - move target cursor You are very lightly contaminated with residual magic.
As you read the scroll of blinking, it crumbles to dust.
Evoke which item? (* to show all) (? for menu, Esc to quit)
Okay, then.
Unknown command.
The orc wizard casts a spell at you. The magic dart hits you!
You die...

#.##.# #######
#.##.#############......
#................#.#####
#..#.###########.#.#
#####. #..#...... #.#.#
.(..o #..#.##.# #.#.# .(..
#.......#.######.#.# ##.(.
##......#........#.#
....####.####@#.#........#
.o###o.#.o.......#
#.########
.o.....#ยง#######.# #
..#..o.o......#.#
..#....######.### #.#....+
#.#....# #.#.#+## ##<#.


You could see an orc wizard.

Vanquished Creatures
  Psyche (D:8)
  An orc warrior (D:8)
  A phantom (D:8)
  An ogre (D:8)
  A giant frog (D:6)
  3 killer bees (D:8)
  2 scorpions
  2 crimson imps
  2 orc wizards
  2 centaur zombies
  3 hounds
  2 iguanas
  4 orc priests
  3 worker ants
  A quasit (D:8)
  A hound zombie (D:6)
  4 gnolls (D:4)
  10 adders
  An ooze (D:1)
  2 adder skeletons
  2 adder zombies
  A worm (D:2)
  2 giant geckos
  13 orcs
  7 bats
  7 giant cockroaches
  6 goblins
  9 hobgoblins
  15 jackals
  3 quokkas
  6 giant newts
  A jackal zombie (D:7)
  8 kobolds
  3 rats
130 creatures vanquished.

Notes
Turn   | Place    | Note
--------------------------------------------------------------
     0 | D:1      | Kolbur the Merfolk Ice Elementalist began the quest for the Orb.
     0 | D:1      | Reached XP level 1. HP: 13/13 MP: 3/3
   105 | D:2      | Reached skill level 1 in Unarmed Combat
   105 | D:2      | Reached XP level 2. HP: 13/19 MP: 0/5
   134 | D:2      | Found a glowing silver altar of Zin.
   261 | D:1      | Reached XP level 3. HP: 24/24 MP: 0/6
   293 | D:2      | Found a faded altar to an unknown god.
   309 | D:1      | Reached skill level 4 in Ice Magic
   535 | D:2      | Learned a level 3 spell: Ozocubu's Armour
   537 | D:2      | Gained mutation: Your magical capacity is low (-10% MP). [potion of mutation]
   537 | D:2      | Gained mutation: You have supernaturally acute eyesight. [potion of mutation]
   537 | D:2      | Gained mutation: You have a pair of small horns on your head. [potion of mutation]
   616 | D:2      | Reached XP level 4. HP: 10/30 MP: 0/6
  1103 | D:4      | Reached skill level 5 in Ice Magic
  1103 | D:4      | Reached XP level 5. HP: 35/35 MP: 4/7
  1158 | D:5      | Entered Level 5 of the Dungeon
  1179 | D:5      | Reached XP level 6. HP: 42/42 MP: 2/8
  1236 | D:5      | Reached skill level 1 in Fighting
  1282 | D:6      | Found a deep blue altar of Sif Muna.
  1370 | D:6      | Found a shadowy altar of Dithmenos.
  1581 | D:6      | Reached skill level 5 in Unarmed Combat
  1604 | D:6      | Reached XP level 7. HP: 50/50 MP: 6/9
  1706 | D:6      | Found a staircase to the Ecumenical Temple.
  1715 | Temple   | Entered the Ecumenical Temple
  1763 | D:6      | You fall through a shaft!
  1917 | D:4      | Reached skill level 6 in Unarmed Combat
  1998 | D:4      | Reached skill level 5 in Dodging
  2150 | D:5      | Found a stormy altar of Qazlal.
  2300 | D:7      | Reached skill level 7 in Unarmed Combat
  2452 | D:8      | Reached XP level 8. HP: 54/56 MP: 1/9
  2482 | D:8      | Noticed Psyche
  2496 | D:8      | Killed Psyche
  2496 | D:8      | Reached skill level 8 in Unarmed Combat
  2518 | D:8      | Reached skill level 9 in Unarmed Combat
  2536 | D:8      | Found an opulent altar of Gozag.
  2625 | D:8      | Learned a level 4 spell: Summon Ice Beast
  2630 | D:8      | Noticed Gastronok
  2842 | D:8      | Reached skill level 10 in Unarmed Combat
  2842 | D:8      | Reached skill level 1 in Summonings
  3095 | D:8      | Reached XP level 9. HP: 3/61 MP: 3/10
  3097 | D:8      | Killed from afar by an orc wizard

Vault maps used:
D:1:      dpeg_arrival_boxes_within_box
D:2:      lemuel_doored_altar, first_bread, ecumenical_altar_1
D:3:      grunt_temple_overflow_diamond
D:4:      grunt_decor_one_mirror
D:5:      nicolae_qazlal_general_emergency
D:6:      temple_fountains, basic_altar, grunt_dithmenos_smoke
D:8:      lemuel_crystal_altar, serial_shops, kennysheep_little_box,
          grunt_livestock, uniq_gastronok, uniq_psyche, uniq_erolcha
Temple:   circular_temple_13

Action                   |  1- 3 |  4- 6 |  7- 9 || total
-------------------------+-------+-------+-------++-------
Melee: Unarmed           |     8 |    44 |    83 ||   135
       Dagger            |    36 |     3 |     1 ||    40
 Fire: Blowgun           |       |    15 |    34 ||    49
Throw: Stone             |     4 |     8 |     3 ||    15
       Tomahawk          |       |       |     4 ||     4
 Cast: Freeze            |    48 |    54 |    82 ||   184
       Ozocubu's Armour  |       |     3 |    10 ||    13
  Use: Scroll            |     4 |     2 |     8 ||    14
       Potion            |     3 |       |     1 ||     4
 Stab: Sleeping          |     2 |     8 |    11 ||    21
  Eat: Chunk             |       |     1 |     2 ||     3
       Meat ration       |       |     1 |     1 ||     2
